Map: Terrazze Prion

Players

Jhyrachy

  • Race: Zerg Zerg
  • League: Silver

zVerg - Winner!

  • Race: Zerg Zerg
  • League: Gold

VOD

Have the link to the VOD?

Description

Time

  • Played on: Dec. 8, 2015, 7:08 a.m.
  • Length: 4:14
Show
View Real Time Build Order
Export as new Build Order

Jhyrachy Zerg 

Build Orders: Hatch First 

Get SALT Encoding   

  12  0:01  Drone  
  13  0:13  Overlord  
  13  0:18  Drone  
  14  0:31  Drone x2  
  16  0:52  Hatchery  
  16  0:53  Drone  
  16  0:57  Drone  
  17  1:07  Extractor  
  17  1:08  Drone  
  17  1:17  Spawning Pool  
  16  1:20  Drone  
  17  1:27  Overlord  
  18  2:04  Spine Crawler  
  18  2:07  Spine Crawler  
  18  2:08  Zergling x6  
  8  2:49  Spine Crawler  
  7  2:52  Drone x3  
  7  2:53  Queen  
  12  3:07  Drone  
  13  3:15  Drone  
  8  3:47  Spine Crawler  
  7  3:51  Drone x2  
Show
View Real Time Build Order
Export as new Build Order

zVerg Zerg - Winner!

Build Orders: Pool First 

Get SALT Encoding   

  12  0:19  Spawning Pool  
  11  0:23  Extractor  
  11  0:24  Drone  
  11  0:29  Drone  
  11  0:35  Drone  
  13  0:45  Overlord  
  13  1:08  Zergling x2  
  13  1:09  Zergling x4  
  16  1:16  Queen  
  18  1:22  Zergling x2  
  19  1:38  Metabolic Boost  
  19  1:41  Drone  
  20  1:55  Zergling x2  
  20  1:56  Zergling x2  
  22  2:16  Spine Crawler  
  20  2:31  Zergling x4  
  20  2:33  Overlord  
  20  2:50  Zergling x6  
  22  3:06  Zergling x2  
  23  3:14  Zergling x2  
  24  3:26  Zergling x6  
  22  3:34  Zergling x2  
  21  3:48  Drone  
  21  4:01  Hatchery  
Tags
 
Add a new tag
Caveats
  • Supply blocks, unpowered buildings, or Contaminate may cause inaccurate times.
  • Supply counts are checked every 10 seconds.